 Dungeon Crawl Stone Soup version 0.21.1-1-g345015f (webtiles) character file.

353072 troglodite the Warrior (level 21, 0/176 HPs)
             Began as a Demonspawn Berserker on Mar 20, 2018.
             Was the Champion of Trog.
             Slain by Mennas
             ... wielding a +5 sacred scourge of holy wrath
              (15 damage)
             ... on level 4 of the Vaults on Mar 22, 2018.
             The game lasted 03:18:40 (45721 turns).

troglodite the Warrior (Demonspawn Berserker)      Turns: 45721, Time: 03:18:42

Health: 0/176      AC: 35    Str: 24    XL:     21   Next: 32%
Magic:  21/21      EV: 16    Int:  7    God:    Trog [******]
Gold:   2734       SH:  0    Dex: 23    Spells: 20/20 levels left

rFire    + . .     SeeInvis +   K - +9 long sword (venom)
rCold    . . .     Gourm    .   w - +0 large shield
rNeg     . . .     Faith    .   u - +7 crystal plate armour
rPois    +         Spirit   .   (helmet unavailable)
rElec    .         Reflect  .   L - scarf {cloud immunity}
rCorr    .         Harm     .   X - +1 pair of gloves of the Were-rabbit {Dex+4}
MR       .....                  y - +0 pair of boots of Ypnodit {Regen+}
Stlth    ..........             V - amulet of regeneration
HPRegen  1.19/turn              m - +5 ring of evasion
MPRegen  0.17/turn              t - ring "Vyfihe Iczui" {rPois MR- Str+3 Slay+3}

@: confused, marked, glowing, silenced
A: antennae 3, large bone plates 3, dopey 1, fire resistance 1, mutation
resistance 1, poison resistance, spiny 2, augmentation 1, flame cloud immunity
}: 2/15 runes: decaying, gossamer
a: Renounce Religion


You were on level 4 of the Vaults.
You worshipped Trog.
Trog was exalted by your worship.
You were hungry.

You visited 6 branches of the dungeon, and saw 35 of its levels.
You visited the Abyss 3 times.
You also visited: Labyrinth, Ice Cave and Volcano.

You collected 4915 gold pieces.
You spent 2181 gold pieces at shops.

Inventory:

Hand Weapons
 g - a +4 vampiric falchion
 h - a +9 fustibalus of velocity
 K - a +9 long sword of venom (weapon)
 S - the +5 hunting sling "Roafel" {venom, rF+ Stlth+}
   (Trog gifted it to you on level 3 of the Abyss)

   It poisons the ammo it fires.
   It protects you from fire.
   It makes you more stealthy.
 Z - a +3 scimitar of flaming
Missiles
 f - 147 sling bullets
 l - 1182 stones (quivered)
Armour
 u - a +7 crystal plate armour (worn)
 w - a +0 large shield (worn)
 y - the +0 pair of boots of Ypnodit (worn) {Regen+}
   (You found it in a volcano)

   It increases your rate of regeneration.
 L - a scarf of cloud immunity (worn)
 X - the +1 pair of gloves of the Were-rabbit (worn) {Dex+4}
   (You bought it in a shop on level 2 of the Orcish Mines)

   It affects your dexterity (+4).
Jewellery
 m - a +5 ring of evasion (left hand)
 o - an uncursed ring of positive energy
 t - the ring "Vyfihe Iczui" (right hand) {rPois MR- Str+3 Slay+3}
   (You acquired it on level 15 of the Dungeon)

   [ring of slaying]

   It affects your strength (+3).
   It affects your accuracy and damage with ranged weapons and melee attacks
   (+3).
   It protects you from poison.
   It affects your resistance to hostile enchantments.
 z - a +4 amulet of reflection
 E - an uncursed ring of protection from magic
 U - an uncursed ring of protection from cold
 V - an amulet of regeneration (around neck)
Wands
 C - a wand of flame (15)
 W - a wand of digging (42)
Scrolls
 a - a scroll of silence
 d - 7 scrolls of fog
 e - 16 scrolls of teleportation
 q - 22 scrolls of remove curse
 r - 12 scrolls of identify
 s - 5 scrolls of magic mapping
 A - 5 scrolls of fear
 F - 4 scrolls of blinking
 J - 3 scrolls of summoning
Potions
 b - 6 potions of haste
 j - 5 potions of cancellation
 k - 6 potions of flight
 n - 12 potions of lignification
 p - a potion of mutation
 v - 9 potions of agility
 x - 3 potions of might
 B - 7 potions of brilliance
 H - 4 potions of heal wounds
 I - 2 potions of magic
 N - 5 potions of resistance
 P - 5 potions of ambrosia
 T - 10 potions of curing
Books
 i - a book of Burglary

   Spells                             Type                      Level
   a - Swiftness                      Charms/Air                   2
   b - Passwall                       Transmutation/Earth          2
   c - Passage of Golubria            Translocation                4
   d - Lee's Rapid Deconstruction     Earth                        5
   e - Darkness                       Hexes                        6
   f - Invisibility                   Hexes                        6
   Trog disapproves of the use of such an item.
Comestibles
 c - 31 rations


   Skills:
 * Level 17.7 Fighting
 - Level 14.0 Long Blades
   Level 0.4 Axes
 * Level 15.5 Slings
 * Level 15.4 Armour
 * Level 13.0 Dodging
 + Level 2.1 Stealth
 * Level 14.5 Shields


You had 20 spell levels left.
You didn't know any spells.

Dungeon Overview and Level Annotations

Branches:
Dungeon (15/15)            Temple (0/1) D:4            Lair (6/6) D:9
  Swamp (4/4) Lair:4       Spider (4/4) Lair:4        Slime (0/5) Lair:5
    Orc (2/2) D:12            Elf (0/3) Orc:2        Vaults (4/5) D:14
  Crypt (0/3) Vaults:2     Depths (0/5) D:15

Altars:
Cheibriados
Dithmenos
Fedhas
Gozag
Kikubaaqudgha
Makhleb
Okawaru
Uskayaw
Wu Jian
Yredelemnul
Zin
The Shining One
Beogh

Shops:
D:8 ?   Orc:2 ?*[[

Portals:
Trove: Vaults:2 (show abyssal rune of Zot)

Annotations:
Vaults:4 Frederick, Mennas, Xtahua


Innate Abilities, Weirdness & Mutations

You have a pair of large antennae on your head. (SInv)
You are completely covered in large bone plates. (SH +8)
Your flesh is heat resistant. (rF+)
You are mostly covered in sharp spines.
Your magical and physical power is slightly enhanced at high health.
You are immune to clouds of flame.
You are dopey. (Int -2)
You are somewhat resistant to further mutation.
Your system is resistant to poisons. (rPois)


Message History

* * * LOW HITPOINT WARNING * * *
Mennas completely misses you.
A two-headed ogre comes into view.
It is wielding a giant spiked club and a giant club.
You feel much better. Mennas closely misses you.
Mennas hits you with a sacred scourge of holy wrath.
* * * LOW HITPOINT WARNING * * *
You convulse.
* * * LOW HITPOINT WARNING * * *
Mennas is caught in a moment of prayer.
Mennas is struck by your spines. Mennas hits you but does no damage. x2
Xtahua barely misses you. Xtahua claws you but does no damage.
Xtahua tramples you but does no damage.
An orc comes into view. It is wielding a hand axe.
You closely miss the freezing wraith.
The freezing wraith is moderately damaged.
Mennas shakes his head sadly.
Mennas hits you with a sacred scourge of holy wrath!
* * * LOW HITPOINT WARNING * * *
You convulse!
You die...

#.. #.......# #. #..
#.......# #. #.. #...[...#
#. #.. #(......# #. #..
#.......# #{ #.. #.......#
#.
#..######'###########'###.
#....)..))CpoO.(o)((((((()
#.......)@Do@oO......).)).
#........WAp.O............
#.........................
#.........................
#.........................
#......#+#############p...
#......# #.... #......#


You could see Frederick, Mennas, Xtahua, a stone giant, an orc knight, 2
two-headed ogres, an ogre mage, a vault sentinel, an ironbrand convoker, a
freezing wraith, 2 orc warriors and an orc.

Vanquished Creatures
  A bone dragon (Abyss:3)
  A lich (Abyss:2)
  Jorgrun (Vaults:1)
  A tentacled monstrosity (Abyss:4)
  A kraken (Abyss:5)
  An Executioner (Abyss:3)
  8 tentacled starspawn
  Gastronok (Orc:1)
  A tengu reaver (Vaults:2)
  Agnes (Spider:3)
  Donald (Vaults:1)
  A deep elf sorcerer (Abyss:3)
  2 frost giants
  11 vault wardens
  An orc warlord (Vaults:1)
  A fire giant (D:15)
  5 ghost moths
  4 emperor scorpions (Spider:4)
  A cacodemon (Abyss:3)
  An angel (Abyss:2)
  Louise (D:15)
  4 very ugly things (Vaults:3)
  4 stone giants
  11 ironheart preservers
  A vampire knight (Abyss:3)
  A war gargoyle (Vaults:1)
  3 entropy weavers (Spider:2)
  A deep elf annihilator (Vaults:2)
  2 deep elf demonologists
  A spark wasp (Spider:3)
  A purple draconian (Abyss:3)
  A blizzard demon (Abyss:4)
  An ettin (Vaults:4)
  Snorg (D:10)
  A deep elf death mage (Vaults:4)
  A minotaur (Lab)
  3 fire dragons
  A merfolk impaler (Abyss:4)
  12 yaktaur captains
  2 great orbs of eyes
  6 vault guards
  8 rakshasas
  Fannar (Lair:3)
  20 hydras
  Harold (Orc:1)
  4 naga warriors (Abyss:4)
  2 ice dragons (Vaults:3)
  3 ghost crabs
  A catoblepas (D:13)
  The ghost of TheNamelessOne the Destroyer, a journeyman DsFE of Vehumet (D:15)
  11 centaur warriors
  2 death knights
  28 two-headed ogres
  7 ogre magi
  2 vampire magi (Abyss:3)
  6 alligators
  10 death yaks
  5 hell hogs
  Urug (Orc:1)
  An orc high priest (Orc:2)
  16 thrashing horrors
  5 deep elf knights
  Sonja (D:15)
  9 wretched stars
  3 hell knights (Vaults:4)
  4 skeletal warriors (D:15)
  2 shadow wraiths
  3 unseen horrors
  6 starcursed masses
  A spatial maelstrom (Abyss:5)
  An unseen horror (shapeshifter) (D:14)
  4 spriggan druids
  6 wizards
  A flayed ghost (Vaults:2)
  5 shambling mangroves
  4 deep elf archers
  5 glowing orange brains
  9 swamp dragons
  A tengu zombie (Vaults:2)
  13 ironbrand convokers
  Pikel (D:7)
  3 necromancers
  14 orb spiders
  4 orc sorcerers
  6 harpies
  15 orc knights
  A wolf spider (shapeshifter) (D:13)
  14 ugly things
  2 worldbinders
  24 wolf spiders
  2 human zombies
  2 salamanders (Abyss:4)
  8 deep elf magi
  A shining eye (Abyss:3)
  A mana viper (Abyss:4)
  5 cyclopes
  3 manticores
  3 oklob plants
  17 slime creatures
  A moth of wrath (Spider:4)
  5 black mambas
  A rust devil (Abyss:3)
  13 vault sentinels
  A human skeleton (Vaults:3)
  3 guardian serpents
  An ice statue (IceCv)
  2 eyes of devastation
  2 torpor snails
  3 orange demons
  10 smoke demons
  2 molten gargoyles (Volcano)
  2 gargoyles
  20 spiny frogs
  3 rime drakes
  A tormentor (Abyss:4)
  2 efreet
  A yaktaur zombie (Vaults:2)
  3 freezing wraiths
  A yaktaur (shapeshifter) (Vaults:2)
  14 demonic crawlers
  A kobold demonologist (Abyss:3)
  13 yaktaurs
  2 hellwings (Abyss:4)
  A guardian mummy (Vaults:2)
  14 komodo dragons
  8 ancient zymes
  A tengu conjurer (D:14)
  An elf skeleton (Vaults:2)
  23 jumping spiders
  6 trolls
  5 tyrant leeches
  11 polar bears (IceCv)
  A polar bear (shapeshifter) (D:14)
  An ettin zombie (Vaults:2)
  23 hornets
  10 bog bodies
  A harpy skeleton (D:14)
  27 raiju
  A wind drake (shapeshifter) (Abyss:4)
  18 blink frogs
  A meliai zombie (D:15)
  A stone giant simulacrum (Abyss:5)
  9 hippogriffs
  3 flying skulls (Abyss:3)
  64 yaks
  An orc simulacrum (Vaults:2)
  5 ynoxinuls
  5 shadows
  An elf zombie (Vaults:2)
  45 redbacks
  9 spriggans
  A fire dragon skeleton (Abyss:3)
  17 tarantellas
  22 large abominations
  5 wraiths
  3 vampires
  3 fire elementals (Volcano)
  2 wyverns
  10 fire bats
  A yak (shapeshifter) (Vaults:1)
  5 basilisks
  4 chaos spawn
  4 steam dragons
  6 vampire mosquitoes
  3 wargs
  3 neqoxecs
  A hungry ghost (D:13)
  Grum (D:8)
  16 swamp worms
  A spatial vortex (Abyss:3)
  26 insubstantial wisps
  5 acid dragons
  A porcupine (shapeshifter) (Vaults:2)
  7 porcupines
  A soldier ant (shapeshifter) (Vaults:1)
  A soldier ant (D:13)
  4 hell hounds (Abyss:4)
  6 water moccasins
  A hornet zombie (D:14)
  A black bear (shapeshifter) (Abyss:3)
  4 sky beasts
  16 swamp drakes
  3 black bears
  27 orc warriors
  3 phantoms
  34 wolves
  A necrophage (D:9)
  20 ogres
  20 centaurs
  An ogre (shapeshifter) (D:15)
  14 crocodiles
  16 bullfrogs
  2 wyvern zombies
  A gnoll sergeant (D:10)
  17 small abominations
  4 scorpions
  10 killer bees
  13 wights
  2 howler monkeys
  7 electric eels
  7 crimson imps
  3 lava snakes (Volcano)
  3 human simulacra
  4 bullfrog zombies
  3 centaur zombies
  A quasit (Abyss:2)
  A bullfrog skeleton (D:6)
  13 iron imps
  10 centaur skeletons
  20 orc priests
  2 hounds
  8 jellies
  A gnoll shaman (Orc:2)
  3 iguanas
  26 orc wizards
  9 worker ants
  2 hound zombies
  13 gnolls
  8 adders
  7 shadow imps
  7 white imps (Abyss:3)
  3 ufetubi (Abyss:4)
  3 oozes
  3 worms
  2 dart slugs
  2 leopard geckos
  94 orcs
  3 spectral bats (Abyss:3)
  2 ball pythons (D:1)
  10 giant cockroaches
  15 goblins
  11 hobgoblins
  15 jackals
  8 kobolds
  5 quokkas
  13 bats
  7 bat simulacra (Abyss:3)
  4 frilled lizards
  A quokka skeleton (D:4)
  14 rats
  2 fungi (Lair:6)
  8 starspawn tentacles
  5 tentacles (Abyss:5)
1603 creatures vanquished.

Vanquished Creatures (collateral kills)
  Mara (Spider:4)
  Bai Suzhen (Vaults:3)
  Margery (Vaults:4)
  3 tentacled starspawn
  The ghost of nuthulu the Executioner, a journeyman MiBe of Trog (Spider:1)
  An emperor scorpion (Spider:4)
  A cacodemon (Abyss:3)
  An ironheart preserver (Vaults:4)
  A stone giant (Volcano)
  Nessos (Lair:5)
  An ettin (Vaults:4)
  A hydra (Swamp:4)
  An ogre mage (D:15)
  4 two-headed ogres
  An alligator (Swamp:2)
  A thrashing horror (Abyss:2)
  2 orc high priests (Orc:2)
  2 hell knights (Vaults:4)
  A sixfirhy (Abyss:4)
  A swamp dragon (Swamp:4)
  2 orb spiders
  3 wolf spiders (Spider:4)
  A deep elf mage (D:15)
  2 orc sorcerers (Orc:2)
  A cyclops (D:12)
  Joseph (D:7)
  A smoke demon (Abyss:3)
  An orange demon (Abyss:3)
  A komodo dragon (Swamp:2)
  A demonic crawler (Spider:4)
  A jumping spider (Spider:4)
  A hornet (Spider:4)
  A tyrant leech (Swamp:2)
  5 raiju
  A bog body (Swamp:2)
  8 redbacks
  A ynoxinul (Abyss:2)
  A tarantella (Spider:4)
  A chaos spawn (Abyss:3)
  A neqoxec (Abyss:4)
  A swamp worm (Swamp:2)
  2 small abominations
  3 large abominations (Abyss:2)
  2 orc warriors (D:12)
  2 ogres (D:15)
  A crocodile (Lair:5)
  An orc priest (D:12)
  2 orc wizards (D:12)
  An ufetubus (Abyss:4)
  4 orcs
  4 starspawn tentacles
85 creatures vanquished.

Vanquished Creatures (others)
  Erolcha (Orc:1)
  A hydra (Swamp:1)
  A hornet (Swamp:3)
  A raiju (Abyss:3)
  2 blink frogs (Swamp:4)
  A bog body (Swamp:1)
  A flying skull (Abyss:3)
  A redback (shapeshifter) (Vaults:1)
  A chaos spawn (Abyss:3)
  A vampire mosquito (Swamp:1)
  A spatial vortex (Abyss:5)
  A swamp drake (Swamp:3)
  A sky beast (D:11)
  A shadow imp (Abyss:3)
  A white imp (Abyss:3)
  An ufetubus (Abyss:3)
  2 orcs (Orc:1)
  A lurking horror (Abyss:3)
  2 plants (Lair:6)
  21 starspawn tentacles
  4 tentacles (Abyss:5)
47 creatures vanquished.

Grand Total: 1735 creatures vanquished

Notes
Turn   | Place    | Note
-------+----------+-------------------------------------------
     0 | D:1      | troglodite the Demonspawn Berserker began the quest for the Orb.
     0 | D:1      | Reached XP level 1. HP: 18/18 MP: 1/1
   561 | D:1      | Gained mutation: You have a pair of small antennae on your head. [demonic ancestry]
   561 | D:1      | Reached XP level 2. HP: 23/24 MP: 2/2
  1304 | D:1      | Reached ** piety under Trog
  1359 | D:1      | Gained mutation: You are partially covered in large bone plates. (SH +4) [demonic ancestry]
  1359 | D:1      | Reached XP level 3. HP: 12/29 MP: 3/3
  2142 | D:2      | Reached skill level 4 in Fighting
  2206 | D:2      | Reached XP level 4. HP: 37/37 MP: 4/4
  2890 | D:2      | Reached *** piety under Trog
  3098 | D:3      | Found a shadowy altar of Dithmenos.
  3176 | D:3      | Reached XP level 5. HP: 38/42 MP: 5/5
  3687 | D:3      | Noticed a centaur
  3706 | D:3      | Killed a centaur
  3706 | D:3      | Reached XP level 6. HP: 19/48 MP: 6/6
  4135 | D:4      | Reached **** piety under Trog
  4231 | D:4      | Reached skill level 5 in Long Blades
  4235 | D:4      | Gained mutation: You are partially covered in sharp spines. [demonic ancestry]
  4235 | D:4      | Reached XP level 7. HP: 45/55 MP: 7/7
  4533 | D:4      | Found a staircase to the Ecumenical Temple.
  4720 | D:4      | Reached skill level 5 in Fighting
  4871 | D:5      | Entered Level 5 of the Dungeon
  5738 | D:6      | Gained mutation: You have a pair of antennae on your head. [demonic ancestry]
  5738 | D:6      | Reached XP level 8. HP: 29/62 MP: 8/8
  6507 | D:6      | Reached skill level 5 in Armour
  7679 | D:7      | Gained mutation: You are mostly covered in sharp spines. [demonic ancestry]
  7679 | D:7      | Reached XP level 9. HP: 68/69 MP: 9/9
  8000 | D:7      | Noticed Joseph
  8016 | D:7      | Killed Joseph
  8016 | D:7      | Reached skill level 6 in Fighting
  8231 | D:7      | Noticed Pikel
  8252 | D:7      | Killed Pikel
  8311 | D:7      | Found a blossoming altar of Fedhas.
  8318 | D:7      | Found a burning altar of Makhleb.
  8325 | D:7      | Found a hide-covered altar of Uskayaw.
  8332 | D:7      | Found an opulent altar of Gozag.
  8339 | D:7      | Found a glowing golden altar of the Shining One.
  8344 | D:7      | Found an ornate altar of the Wu Jian Council.
  8355 | D:7      | Found a snail-covered altar of Cheibriados.
  9187 | D:8      | Reached skill level 5 in Dodging
  9315 | D:8      | Noticed Grum
  9320 | D:8      | Reached skill level 1 in Slings
  9327 | D:8      | Killed Grum
  9328 | D:8      | Reached XP level 10. HP: 77/77 MP: 10/10
  9523 | D:8      | Found Adaolius's Magic Scroll Emporium.
  9533 | D:8      | Bought a scroll of remove curse for 45 gold pieces
  9533 | D:8      | Bought a scroll of identify for 30 gold pieces
  9676 | D:8      | Found an iron altar of Okawaru.
  9921 | D:9      | Found a glowing silver altar of Zin.
 10179 | D:9      | Reached skill level 7 in Fighting
 10506 | D:9      | Found a staircase to the Lair.
 10919 | D:10     | Entered Level 10 of the Dungeon
 10936 | D:10     | Paralysed by a hornet for 1 turns
 11024 | D:10     | Noticed a two-headed ogre
 11037 | D:10     | Killed a two-headed ogre
 11037 | D:10     | Reached skill level 1 in Stealth
 11429 | D:10     | Noticed Snorg
 11442 | D:10     | Killed Snorg
 11458 | D:10     | Received a gift from Trog
 12146 | D:11     | Reached ***** piety under Trog
 12146 | D:11     | Gained mutation: You have a pair of large antennae on your head. (SInv) [demonic ancestry]
 12146 | D:11     | Reached XP level 11. HP: 74/86 MP: 11/11
 12227 | D:11     | Reached skill level 8 in Fighting
 12447 | D:11     | Noticed a two-headed ogre
 12453 | D:11     | Killed a two-headed ogre
 12475 | D:11     | Reached skill level 10 in Long Blades
 12830 | D:11     | Received a gift from Trog
 12885 | D:11     | Noticed a two-headed ogre
 12894 | D:11     | Killed a two-headed ogre
 13414 | D:12     | Paralysed by a hornet for 3 turns
 13557 | D:12     | Found a staircase to the Orcish Mines.
 13562 | D:12     | Received a gift from Trog
 13768 | D:12     | Noticed a centaur warrior
 13781 | D:12     | Killed a centaur warrior
 13999 | D:12     | Reached skill level 9 in Fighting
 14031 | D:12     | Found a transporter.
 14034 | D:12     | Noticed a two-headed ogre
 14034 | D:12     | Found a roughly hewn altar of Beogh.
 14035 | D:12     | Noticed an orc sorcerer
 14047 | D:12     | Killed a two-headed ogre
 14051 | D:12     | Killed an orc sorcerer
 14051 | D:12     | Reached XP level 12. HP: 95/95 MP: 12/12
 14073 | D:12     | Found a transporter.
 14317 | D:12     | Reached skill level 5 in Slings
 14954 | D:13     | Paralysed by a hornet for 2 turns
 14956 | D:13     | Received a gift from Trog
 15124 | D:13     | Noticed a centaur warrior
 15126 | D:13     | Reached skill level 10 in Armour
 15133 | D:13     | Killed a centaur warrior
 15228 | D:13     | Reached skill level 10 in Fighting
 15436 | D:13     | Noticed a catoblepas
 15471 | D:13     | Killed a catoblepas
 15864 | Orc:1    | Entered Level 1 of the Orcish Mines
 15864 | Orc:1    | Noticed Urug
 15874 | Orc:1    | Killed Urug
 15882 | Orc:1    | Received a gift from Trog
 15895 | Orc:1    | Found a frozen archway.
 15951 | IceCv    | Entered an ice cave
 16144 | IceCv    | Received a gift from Trog
 16144 | IceCv    | Gained mutation: Your magical and physical power is slightly enhanced at high health. [demonic ancestry]
 16144 | IceCv    | Reached XP level 13. HP: 98/103 MP: 13/13
 16245 | IceCv    | Received a gift from Trog
 16810 | IceCv    | Got an ancient flail
 16813 | IceCv    | Identified the cursed +1 flail of Anguish {pain, rC+ rN+ Str+3} (You found it in an ice cave)
 16839 | IceCv    | Noticed a frost giant
 16852 | IceCv    | HP: 1/156 [frost giant/battleaxe of freezing (9)]
 16862 | IceCv    | Killed a frost giant
 17204 | Orc:1    | Noticed Gastronok
 17217 | Orc:1    | Killed Gastronok
 17322 | Orc:1    | Noticed Harold
 17336 | Orc:1    | Killed Harold
 17336 | Orc:1    | Reached skill level 11 in Fighting
 17578 | Orc:2    | Entered Level 2 of the Orcish Mines
 17578 | Orc:2    | Found a staircase to the Elven Halls.
 17956 | Orc:2    | Reached ****** piety under Trog
 17978 | Orc:2    | Received a gift from Trog
 17983 | Orc:2    | Found Kuubav's Magic Scroll Boutique.
 17983 | Orc:2    | Found Evvutimus's Antique Armour Emporium.
 17985 | Orc:2    | Cast into level 2 of the Abyss (orc warrior)
 18124 | Abyss:2  | Noticed a lich
 18138 | Abyss:2  | Killed a lich
 18223 | Abyss:2  | Noticed a tentacled starspawn
 18234 | Abyss:2  | Killed a tentacled starspawn
 18298 | Abyss:2  | Reached XP level 14. HP: 61/113 MP: 14/14
 18307 | Abyss:2  | HP: 2/113 [wretched star/orb of energy (26)]
 18318 | Abyss:2  | Received a gift from Trog
 18605 | Orc:2    | Escaped the Abyss
 18621 | Orc:2    | Found Neiptou's General Store.
 18621 | Orc:2    | Found Vowkerchuh's Antique Armour Emporium.
 19111 | Orc:1    | Noticed Erolcha
 19129 | Orc:1    | Killed Erolcha
 19400 | Orc:2    | Bought a glowing crystal plate armour for 1660 gold pieces
 19414 | Orc:2    | Bought a pair of fine gloves for 266 gold pieces
 19418 | Orc:2    | Bought a transparent scale mail for 180 gold pieces
 19428 | Orc:2    | Identified the +1 pair of gloves of the Were-rabbit {Dex+4} (You bought it in a shop on level 2 of the Orcish Mines)
 19458 | Orc:2    | Identified the +10 scale mail of Plasticity {*Slow MR- Regen+ Int+9} (You bought it in a shop on level 2 of the Orcish Mines)
 19649 | Lair:1   | Entered Level 1 of the Lair of Beasts
 20730 | Lair:2   | Reached skill level 12 in Fighting
 21596 | Lair:3   | Found a dark tunnel.
 21610 | Volcano  | Entered a volcano
 22020 | Volcano  | Found a radiant altar of Vehumet.
 22033 | Volcano  | Noticed a stone giant
 22042 | Volcano  | Killed a stone giant
 22201 | Volcano  | Got a pair of distressingly furry boots
 22225 | Volcano  | Identified the cursed +0 pair of boots of Ypnodit {Regen+} (You found it in a volcano)
 22662 | Lair:3   | Received a gift from Trog
 22979 | Lair:3   | Noticed Fannar
 22994 | Lair:3   | Killed Fannar
 23411 | Lair:4   | Found a staircase to the Swamp.
 23865 | Lair:4   | Found a hole to the Spider Nest.
 24166 | Lair:5   | Found a staircase to the Slime Pits.
 24432 | Lair:5   | Noticed Nessos
 24454 | Lair:5   | Killed Nessos
 25298 | Lair:6   | Entered Level 6 of the Lair of Beasts
 25302 | Lair:6   | Received a gift from Trog
 25309 | Lair:6   | Reached XP level 15. HP: 122/122 MP: 15/15
 25400 | Lair:6   | Found a labyrinth entrance.
 25423 | Lab      | Entered a labyrinth
 25835 | Lab      | Got a faintly glowing shortbow
 25835 | Lab      | Got a shimmering mace
 25838 | Lab      | Identified the +5 shortbow of Aczoxzuf {velocity, Fragile rF+ Str+6} (You found it in a labyrinth)
 25840 | Lab      | Identified the cursed +3 mace "Peerr" {protect, MP+9 Int+3} (You found it in a labyrinth)
 26866 | Lair:6   | Reached skill level 13 in Fighting
 27268 | Swamp:1  | Entered Level 1 of the Swamp
 27296 | Swamp:1  | Received a gift from Trog
 27569 | Swamp:1  | Reached skill level 10 in Dodging
 27577 | Swamp:1  | Received a gift from Trog
 27639 | Swamp:1  | Reached skill level 1 in Shields
 29235 | Swamp:3  | Received a gift from Trog
 29587 | Swamp:3  | Gained mutation: You are mostly covered in large bone plates. (SH +6) [demonic ancestry]
 29587 | Swamp:3  | Reached XP level 16. HP: 100/131 MP: 16/16
 30191 | Swamp:4  | Entered Level 4 of the Swamp
 30205 | Swamp:4  | Reached skill level 5 in Shields
 30976 | Swamp:4  | Received a gift from Trog
 31110 | Swamp:4  | Reached skill level 14 in Fighting
 31155 | Swamp:4  | Got a decaying rune of Zot
 31512 | Spider:1 | Entered Level 1 of the Spider Nest
 31555 | Spider:1 | Gained mutation: Your skin changes colour to match your surroundings (Stealth+). [potion of mutation]
 31555 | Spider:1 | Gained mutation: You have sharp toenails. [potion of mutation]
 31556 | Spider:1 | Lost mutation: Your skin changes colour to match your surroundings (Stealth+). [potion of mutation]
 31556 | Spider:1 | Lost mutation: You have sharp toenails. [potion of mutation]
 31556 | Spider:1 | Gained mutation: Scrolls take you a little longer to read. [potion of mutation]
 31556 | Spider:1 | Gained mutation: Your magical capacity is low. (-10% MP) [potion of mutation]
 31556 | Spider:1 | Gained mutation: Your spells are a little harder to cast, but a little more powerful. [potion of mutation]
 31556 | Spider:1 | Gained mutation: Your system is resistant to poisons. (rPois) [potion of mutation]
 31557 | Spider:1 | Lost mutation: Your spells are a little harder to cast, but a little more powerful. [potion of mutation]
 31557 | Spider:1 | Lost mutation: Scrolls take you a little longer to read. [potion of mutation]
 31557 | Spider:1 | Lost mutation: Your magical capacity is low. (-10% MP) [potion of mutation]
 31557 | Spider:1 | Gained mutation: Your flesh is cold resistant. (rC+) [potion of mutation]
 31557 | Spider:1 | Gained mutation: You are occasionally teleported next to monsters. [potion of mutation]
 31557 | Spider:1 | Gained mutation: Your muscles are strong. (Str +2) [potion of mutation]
 31557 | Spider:1 | Gained mutation: Your spells are a little harder to cast, but a little more powerful. [potion of mutation]
 31581 | Spider:1 | Noticed nuthulu's ghost (journeyman MiBe)
 31598 | Spider:1 | Killed nuthulu's ghost
 31619 | Spider:1 | Received a gift from Trog
 32721 | Spider:2 | Reached skill level 10 in Slings
 32751 | Spider:2 | Received a gift from Trog
 32816 | Spider:2 | Reached XP level 17. HP: 140/140 MP: 17/17
 33523 | Spider:3 | Received a gift from Trog
 33696 | Spider:3 | Noticed Agnes
 33706 | Spider:3 | Killed Agnes
 34054 | Spider:4 | Entered Level 4 of the Spider Nest
 34150 | Spider:4 | Received a gift from Trog
 34162 | Spider:4 | Noticed Mara
 34329 | Spider:4 | Noticed troglodite's illusion
 34348 | Spider:4 | Noticed troglodite's illusion
 34351 | Spider:4 | Killed Mara
 35050 | Spider:4 | Received a gift from Trog
 35069 | Spider:4 | Got a gossamer rune of Zot
 35941 | D:14     | Found a gate to the Vaults.
 36412 | D:15     | Entered Level 15 of the Dungeon
 36412 | D:15     | Noticed TheNamelessOne's ghost (journeyman DsFE)
 36418 | D:15     | Killed TheNamelessOne's ghost
 36489 | D:15     | Reached skill level 15 in Fighting
 36509 | D:15     | Noticed Sonja
 36519 | D:15     | Gained mutation: Your flesh is heat resistant. (rF+) [demonic ancestry]
 36519 | D:15     | Reached XP level 18. HP: 127/149 MP: 18/18
 36520 | D:15     | Killed Sonja
 36523 | D:15     | Identified a scroll of acquirement
 36726 | D:15     | Got a heavily runed steel ring
 36727 | D:15     | Identified the ring "Vyfihe Iczui" {rPois MR- Str+3 Slay+3} (You acquired it on level 15 of the Dungeon)
 36781 | D:15     | Received a gift from Trog
 36782 | D:15     | Noticed Louise
 36792 | D:15     | Cast into level 3 of the Abyss (Louise)
 36792 | Abyss:3  | Found a corrupted altar of Lugonu.
 36869 | Abyss:3  | Received a gift from Trog
 36925 | Abyss:3  | Received a gift from Trog
 36944 | Abyss:3  | Got a faintly glowing hunting sling {god gift}
 36945 | Abyss:3  | Identified the +5 hunting sling "Roafel" {venom, rF+ Stlth+} (Trog gifted it to you on level 3 of the Abyss)
 37021 | Abyss:3  | Gained mutation: Your magical capacity is low. (-10% MP) [a cacodemon]
 37022 | Abyss:3  | Lost mutation: Your muscles are strong. (Str +2) [a cacodemon]
 37072 | Abyss:3  | Reached skill level 10 in Shields
 37075 | Abyss:3  | Noticed a Brimstone Fiend
 37075 | D:15     | Escaped the Abyss
 37084 | D:15     | Killed Louise
 37169 | D:15     | Found a staircase to the Depths.
 37790 | Vaults:1 | Entered Level 1 of the Vaults
 37803 | Vaults:1 | Lost mutation: Your magical capacity is low. (-10% MP) [potion of mutation]
 37803 | Vaults:1 | Lost mutation: Your spells are a little harder to cast, but a little more powerful. [potion of mutation]
 37803 | Vaults:1 | Lost mutation: You are occasionally teleported next to monsters. [potion of mutation]
 37803 | Vaults:1 | Lost mutation: Your flesh is cold resistant. (rC+) [potion of mutation]
 37803 | Vaults:1 | Gained mutation: You are somewhat resistant to further mutation. [potion of mutation]
 37803 | Vaults:1 | Gained mutation: You are dopey. (Int -2) [potion of mutation]
 38074 | Vaults:1 | Received a gift from Trog
 38103 | Vaults:1 | Noticed Donald
 38110 | Vaults:1 | Killed Donald
 38246 | Vaults:1 | Noticed Jorgrun
 38255 | Vaults:1 | Killed Jorgrun
 38378 | Vaults:1 | Received a gift from Trog
 39946 | Vaults:2 | Gained mutation: You are completely covered in large bone plates. (SH +8) [demonic ancestry]
 39946 | Vaults:2 | Reached XP level 19. HP: 157/157 MP: 19/19
 39985 | Vaults:2 | Received a gift from Trog
 40328 | Vaults:2 | Found a staircase to the Crypt.
 40328 | Vaults:2 | Found a basalt altar of Yredelemnul.
 40329 | Vaults:2 | Found an ancient bone altar of Kikubaaqudgha.
 40485 | Vaults:2 | Reached skill level 16 in Fighting
 40619 | Vaults:2 | Received a gift from Trog
 40795 | Vaults:2 | Got a faintly glowing plate armour
 40802 | Vaults:2 | Identified the +3 plate armour of Dice, Bag, and Bottle {rCorr} (You found it on level 2 of the Vaults)
 41037 | Vaults:2 | Found a portal to a secret trove of treasure.
 41268 | Vaults:2 | Received a gift from Trog
 41480 | Vaults:3 | Noticed Bai Suzhen
 41492 | Vaults:3 | Killed Bai Suzhen
 42027 | Vaults:3 | Received a gift from Trog
 42254 | Vaults:3 | Received a gift from Trog
 42303 | Vaults:3 | Gained mutation: You are immune to clouds of flame. [demonic ancestry]
 42303 | Vaults:3 | Reached XP level 20. HP: 145/166 MP: 20/20
 42639 | Vaults:3 | Reached skill level 15 in Armour
 42828 | Vaults:3 | Received a gift from Trog
 42877 | Vaults:3 | Cast into level 2 of the Abyss (a wizard)
 42884 | Abyss:2  | Found a corrupted altar of Lugonu.
 43107 | Abyss:2  | Found a corrupted altar of Lugonu.
 43340 | Abyss:2  | Received a gift from Trog
 43371 | Abyss:2  | Found a corrupted altar of Lugonu.
 43565 | Abyss:3  | Reached skill level 17 in Fighting
 43648 | Abyss:3  | Found a corrupted altar of Lugonu.
 43678 | Abyss:3  | Reached skill level 15 in Slings
 43772 | Abyss:3  | Received a gift from Trog
 43925 | Abyss:3  | Noticed a bone dragon
 43938 | Abyss:3  | Killed a bone dragon
 44218 | Abyss:4  | Found a shimmering altar of Xom.
 44218 | Abyss:4  | Found a shimmering altar of Xom.
 44218 | Abyss:4  | Found a shimmering altar of Xom.
 44219 | Abyss:4  | Found a shimmering altar of Xom.
 44219 | Abyss:4  | Found a shimmering altar of Xom.
 44219 | Abyss:4  | Found a shimmering altar of Xom.
 44255 | Abyss:4  | Found a shimmering altar of Xom.
 44256 | Abyss:4  | Found a shimmering altar of Xom.
 44258 | Abyss:4  | Found a shimmering altar of Xom.
 44258 | Abyss:4  | Found a shimmering altar of Xom.
 44258 | Abyss:4  | Found a corrupted altar of Lugonu.
 44258 | Abyss:4  | Found a shimmering altar of Xom.
 44259 | Abyss:4  | Found a shimmering altar of Xom.
 44260 | Abyss:4  | Found a shimmering altar of Xom.
 44371 | Abyss:4  | Received a gift from Trog
 44663 | Abyss:4  | Received a gift from Trog
 44698 | Abyss:4  | Got a bloodstained hunting sling {god gift}
 44699 | Abyss:4  | Identified the +3 hunting sling "Cassed" {velocity, -Tele Fragile rF++ rN+ Stlth+} (Trog gifted it to you on level 4 of the Abyss)
 44720 | Abyss:5  | Entered Level 5 of the Abyss
 44792 | Abyss:5  | Reached XP level 21. HP: 104/157 MP: 21/21
 44925 | Vaults:3 | Escaped the Abyss
 45426 | Vaults:4 | Noticed Margery
 45452 | Vaults:4 | Killed Margery
 45626 | Vaults:4 | Received a gift from Trog
 45689 | Vaults:4 | Noticed Mennas
 45690 | Vaults:4 | Noticed Xtahua
 45710 | Vaults:4 | Paralysed by Xtahua for 7 turns
 45716 | Vaults:4 | Noticed Frederick
 45721 | Vaults:4 | Slain by Mennas

Skill      XL: |  1  2  3  4  5  6  7  8  9 10 11 12 13 14 15 16 17 18 19 20 21 |
---------------+----------------------------------------------------------------+-----
Armour         | 2 3 4 5 7 8 9 10 11 12 13 14 15 | 15.4
Dodging        | 2 3 4 5 6 7 8 9 10 11 12 13 | 13.0
Long Blades    | 3 4 5 6 7 8 9 10 11 12 13 14 | 14.0
Fighting       | 4 5 6 7 9 10 11 12 13 14 15 16 17 | 17.7
Slings         | 1 3 4 5 6 8 10 12 13 14 15 | 15.5
Stealth        | 1 2 |  2.1
Shields        | 4 8 9 10 12 13 14 | 14.5
Axes           | |  0.4

Action                   |  1- 3 |  4- 6 |  7- 9 | 10-12 | 13-15 | 16-18 | 19-21 || total
-------------------------+-------+-------+-------+-------+-------+-------+-------++-------
Melee: Falchion          |   148 |   206 |   281 |       |       |       |       ||   635
       Long sword        |       |       |    30 |   598 |  1046 |   113 |   527 ||  2314
       Hand axe          |       |       |       |       |     9 |       |       ||     9
       Scimitar          |       |       |       |       |   124 |   327 |       ||   451
 Fire: Fustibalus        |       |       |       |       |     4 |  1259 |  1097 ||  2360
       Hunting sling     |       |       |       |       |       |   112 |       ||   112
Invok: Berserk           |     2 |     5 |     8 |     9 |    17 |     6 |     2 ||    49
       Brothers in Arms  |       |       |     2 |     3 |    10 |     9 |     6 ||    30
       Burn Spellbooks   |       |       |       |     2 |     4 |     3 |       ||     9
       Trog's Hand       |       |       |       |       |       |       |     1 ||     1
  Use: Scroll            |       |       |       |    23 |    30 |    15 |     4 ||    72
       Potion            |       |       |       |       |     7 |     5 |     3 ||    15
 Stab: Sleeping          |     2 |       |       |       |       |       |       ||     2
       Distracted        |       |       |       |       |     1 |     1 |       ||     2
       Confused          |       |       |       |       |     3 |     1 |       ||     4
  Eat: Chunk             |     5 |    10 |    33 |    27 |    43 |    18 |     7 ||   143
       Ration            |       |     1 |       |       |     6 |     9 |     4 ||    20
Armor: Animal skin       |    25 |     7 |       |       |       |       |       ||    32
       Ring mail         |       |    12 |       |       |       |       |       ||    12
       Chain mail        |       |    48 |    83 |    35 |       |       |       ||   166
       Plate armour      |       |       |       |   237 |   114 |       |       ||   351
       Crystal plate arm |       |       |       |       |   498 |   622 |   350 ||  1470
Dodge: Dodged            |   106 |   191 |   153 |   409 |   652 |   633 |   348 ||  2492
Block: Other             |    10 |    38 |    45 |    88 |   134 |       |       ||   315
       Shield            |       |       |       |       |   250 |  1092 |       ||  1342
       Buckler           |       |       |       |       |     5 |       |       ||     5
       Large shield      |       |       |       |       |       |   187 |  1412 ||  1599
       Rpst.: Falchion   |    39 |    55 |    34 |       |       |       |       ||   128
       Long sword        |       |       |     3 |    81 |   129 |     9 |    42 ||   264
       Scimitar          |       |       |       |       |    16 |    19 |       ||    35
